 Dungeon Crawl Stone Soup version 0.27.0-1-g7a089689b8 (webtiles) character file.

Game seed: 14713252688594240315

34972 sanka the Martial Artist (level 13, -4/129 HPs)
             Began as a Naga Air Elementalist on Aug 6, 2021.
             Was a High Priest of Okawaru.
             Slain by a komodo dragon (11 damage)
             ... on level 4 of the Lair of Beasts.
             The game lasted 00:38:44 (23743 turns).

sanka the Martial Artist (Naga Air Elementalist)   Turns: 23743, Time: 00:38:44

Health: -4/129     AC:  2    Str: 11    XL:     13   Next: 80%
Magic:  13/16      EV: 31    Int: 20    God:    Okawaru [*****.]
Gold:   710        SH:  0    Dex: 17    Spells: 5/16 levels left

rFire    . . .     SeeInvis +     - Unarmed
rCold    . . .     Faith    +   (shield currently unavailable)
rNeg     . . .     Spirit   .   (armour currently unavailable)
rPois    x         Reflect  .   (helmet currently unavailable)
rElec    .         Harm     .   (cloak currently unavailable)
rCorr    +         Rampage  .   (gloves currently unavailable)
Will     +....                  (no barding)
Stlth    ++........             j - amulet of faith
HPRegen  0.31/turn              N - ring of resist corrosion
MPRegen  0.15/turn              M - +4 ring of evasion

@: spider-form
A: venomous fangs, AC +4, tiny, see invisible, (deformed body), (poison
resistance), (slowness 2), spit poison 1, (naga tail 2)
a: Spit Poison, End Transformation, Renounce Religion, Heroism, Finesse


You were on level 4 of the Lair of Beasts.
You worshipped Okawaru.
Okawaru was extremely pleased with you.
You were a venomous arachnid creature.
You visited 3 branches of the dungeon, and saw 17 of its levels.

You collected 1238 gold pieces.
You spent 528 gold pieces at shops.


Innate Abilities, Weirdness & Mutations

You are a venomous arachnid creature.
You have poisonous fangs.
You are tiny and dextrous.
Your spellcasting is less reliable in this form.
Your armour is entirely melded.
You are incapable of wielding weapons or throwing items.
((Your serpentine skin is tough. (AC +4)))
You have supernaturally acute eyesight. (SInv)
((Armour fits poorly on your strangely shaped body.))
((Your system is resistant to poisons. (rPois)))
((You cover ground very slowly.))
You can spit poison.
((You can use your snake-like lower body to constrict enemies.))


   Skills:
 - Level 12.0 Fighting
 - Level 10.4 Dodging
 - Level 3.0 Stealth
 - Level 12.0 Unarmed Combat
 - Level 2.0 Spellcasting
 - Level 1.0 Conjurations
 + Level 8.2 Transmutations
 - Level 4.3 Air Magic
 - Level 4.0 Poison Magic
 - Level 4.1 Invocations


You had 5 spell levels left.
You knew the following spells:

 Your Spells              Type           Power      Damage    Failure   Level
c - Blade Hands           Tmut           17%        N/A       32%         5
x - Spider Form           Tmut/Pois      13%        N/A       12%         3
z - Shock                 Conj/Air       48%        1d6       16%         1
Z - Static Discharge      Conj/Air       12%        N/A       22%         2

Your spell library contained the following spells:

 Spells                   Type           Power      Damage    Failure   Level
 Beastly Appendage        Tmut           70%        N/A       3%          1
 Wereblood                Tmut           35%        N/A       4%          2
 Passwall                 Tmut/Erth      15%        N/A       13%         2
 Swiftness                Air            19%        N/A       22%         3
 Magic Dart               Conj           24%        1d4       26%         1
 Mephitic Cloud           Conj/Pois/Air  14%        N/A       30%         3
 Summon Small Mammal      Summ           8%         N/A       34%         1
 Call Imp                 Summ           2%         N/A       45%         2
 Sublimation of Blood     Necr           1%         N/A       45%         2
 Airstrike                Air            9%         N/A       47%         4
 Stone Arrow              Conj/Erth      8%         3d7       58%         3
 Call Canine Familiar     Summ           2%         N/A       65%         3
 Inner Flame              Hex/Fire       2%         N/A       65%         3
 Portal Projectile        Hex/Tloc       4%         N/A       65%         3
 Summon Guardian Golem    Hex/Summ       2%         N/A       65%         3
 Tukima's Dance           Hex            2%         N/A       65%         3
 Yara's Violent Unravell  Hex/Tmut       9%         3d6       82%         5
 Cause Fear               Hex            1%         N/A       94%         4
 Passage of Golubria      Tloc           N/A        N/A       94%         4
 Bolt of Magma            Conj/Fire/Erth 1%         4d4       99%         5
 Excruciating Wounds      Necr           1%         N/A       100%        5
 Invisibility             Hex            1%         N/A       100%        6
 Summon Hydra             Summ           1%         N/A       100%        7
 Discord                  Hex            1%         N/A       100%        8
 Shatter                  Erth           1%         3d5*      100%        9

Inventory:

Missiles
 f - a curare-tipped dart {=f}
 t - 5 throwing nets {=f}
Armour
 b - a scarf of shadows (melded)
 s - the +0 barding of Bumegy (melded) {rElec} rElec: It insulates you from electricity.
 H - a +0 robe of positive energy (melded)
 J - a +2 pair of gloves (melded)
 L - a +1 helmet (melded)
Magical Staves
 v - a staff of air
Jewellery
 c - a ring of protection from fire
 j - an amulet of faith (around neck)
 x - a ring of flight
 B - a +4 ring of protection
 M - a +4 ring of evasion (right front leg)
 N - a ring of resist corrosion (left front leg)
Wands
 y - a wand of acid (14)
 G - a wand of iceblast (14)
 I - a wand of flame (30)
Scrolls
 h - 3 scrolls of immolation {!r}
 i - 4 scrolls of enchant armour
 m - 3 scrolls of enchant weapon
 r - 11 scrolls of teleportation {@r4}
 u - 4 scrolls of amnesia
 w - 4 scrolls of fog
 A - a scroll of brand weapon {unknown}
 D - a scroll of vulnerability {!r}
 E - a scroll of silence {!r}
 F - a scroll of fear
 K - 3 scrolls of magic mapping
 P - 2 scrolls of blinking
Potions
 a - 2 potions of degeneration {unknown}
 d - 4 potions of invisibility
 e - 2 potions of flight {unknown}
 g - 6 potions of brilliance
 k - 4 potions of resistance
 l - a potion of mutation {unknown}
 n - 6 potions of lignification {!q}
 o - a potion of ambrosia {unknown}
 p - 2 potions of heal wounds {@q2}
 q - a potion of attraction {unknown}
 z - a potion of berserk rage {unknown}
 C - 3 potions of curing {@q1}

Dungeon Overview and Level Annotations

Branches:
Dungeon (12/15)            Temple (1/1) D:6            Lair (4/6) D:8
 Shoals (0/4) Lair:3       Spider (0/4) Lair:3          Orc (0/2) D:10

Altars:
Ashenzari
Cheibriados
Dithmenos
Elyvilon
Fedhas
Gozag
Hepliaklqana
Kikubaaqudgha
Makhleb
Nemelex Xobeh
Okawaru
Qazlal
Ru
Sif Muna
Trog
Uskayaw
Vehumet
Wu Jian
Xom
Yredelemnul
Zin
The Shining One

Shops:
D:9 * D:11

* .†...▒▒▒▒▒.▒▒.▒ ...... ........
.....▒▒▒▒..▒▒.▒▒...[..▒. ▒▒......
▒▒...................▒.. ▒.......
▒....................... ........
...†...........<........ ......
........................ ........
........................ .......
........................ .......
▒▒▒▒...........ls..▒▒. .......
▒▒.▒..▒▒▒▒▒▒..▒▒...▒ ▒▒▒ ▒......
▒.▒...▒ ▒▒▒▒..▒▒▒..▒▒▒.▒▒ ▒......
..▒...▒▒▒.▒▒..▒▒▒.'.....▒▒▒.....(
..▒....▒......▒▒...▒P...▒▒.......
..▒.†.▒▒▒.....▒▒...▒.....†.......
...+..▒ ▒.....▒▒..▒▒▒..▒▒▒▒......
.▒▒▒..▒▒▒.f..▒▒▒...▒▒.▒▒ ▒......
▒▒ ▒.........▒ ▒..▒...▒ ▒.......


You could see a komodo dragon (very poisoned).


Message History

You hit the elephant but do no damage.
The elephant is almost dead.
The elephant tramples you but does no damage.
The elephant trunk-slaps you but does no damage.
The elephant tramples you!
* * * LOW HITPOINT WARNING * * *
You hold your ground!
The elephant barely misses you.
The komodo dragon bites you but does no damage.
The elephant tramples you.
* * * LOW HITPOINT WARNING * * *
You hold your ground!
The elephant trunk-slaps you but does no damage.
The elephant tramples you.
* * * LOW HITPOINT WARNING * * *
You hold your ground!
The elephant trunk-slaps you but does no damage.
You turn into a venomous arachnid creature.
The dungeon's light returns to normal.
You feel less protected from negative energy.
You kill the elephant!
Okawaru accepts your kill. The komodo dragon bites you!!
* * * LOW HITPOINT WARNING * * *
Unknown command.
You hit the komodo dragon.
The komodo dragon is poisoned.
The komodo dragon is lightly wounded.
The komodo dragon bites you!
You die...

Action                   |  1- 3 |  4- 6 |  7- 9 | 10-12 | 13-15 || total
-------------------------+-------+-------+-------+-------+-------++-------
Melee: Unarmed           |    30 |    96 |   294 |   637 |   284 ||  1341
       Punch             |       |       |       |     3 |       ||     3
Throw: Dart              |       |       |       |       |     1 ||     1
 Cast: Shock             |    54 |    60 |     7 |     7 |       ||   128
       Spider Form       |       |     9 |    33 |    62 |    24 ||   128
       Static Discharge  |       |     1 |     5 |    10 |       ||    16
Invok: Heroism           |       |       |     6 |    19 |     7 ||    32
 Abil: Spit Poison       |     4 |    11 |     1 |     2 |       ||    18
       End Transformatio |       |       |       |     2 |       ||     2
Evoke: Wand              |       |       |     4 |     1 |     1 ||     6
  Use: Potion            |       |       |     3 |     3 |       ||     6
       Scroll            |       |       |       |    15 |     1 ||    16
 Stab: Sleeping          |       |     1 |     2 |     2 |     2 ||     7
Armor: Robe              |    10 |    21 |     7 |    33 |     8 ||    79
       Skin              |       |     2 |    14 |    38 |     8 ||    62
Dodge: Dodged            |    22 |    76 |   283 |   697 |   251 ||  1329

Levels and vault maps discovered:
D:1:      minmay_arrival_four_circles, layout_rooms, minmay_misc_feat_iff,
          minmay_misc_feat_doors
D:2:      layout_loops_cross, ebering_ecumenical_altar_petrified,
          uniq_crazy_yiuf_cottage, uniq_terence
D:3:      layout_loops_ring, kennysheep_orc_sif_temple, ebering_ghost_sewer_d,
          uniq_jessica
D:4:      layout_loops_cross, elyvilon_altar_1, minmay_pentangle
D:5:      layout_loops_ring, minivault_11
D:6:      wad_lake_hut, layout_basic, mainiacjoe_overflow_24_doors,
          cheibriados_altar_1, serial_rivers, chequers_serial_rivers_micro_e,
          chequers_serial_rivers_marsh, chequers_serial_rivers_small_a,
          chequers_serial_rivers_micro_a, chequers_serial_rivers_micro_a,
          chequers_serial_rivers_micro_d
D:7:      hangedman_cross_stitches, layout_basic, uniq_menkaure, uniq_duvessa
D:8:      layout_gridville, lair_entry_dummy, uniq_harold, uniq_gastronok
D:9:      layout_stronghold, chequers_temple_overflow_statue_of_worship,
          fedhas_ov_isle_minmay, abandoned_shop, nicolae_island_escapes
D:10:     layout_loops_ring, david_orc_3, minmay_fractal_squares_gapless_7
D:11:     layout_loops_ring, serial_shops, nicolae_diamond_shop,
          serial_co_window_serial, co_window_of_opportunity_a,
          co_window_corner_a, co_window_paths_a, co_window_paths_a,
          co_window_paths_a, co_window_of_opportunity_c,
          co_window_unsneaky_path_e, co_window_unsneaky_path_e, co_window_sun,
          glass_columns_b, chequers_serial_rivers_room_b, uniq_erica
D:12:     minmay_connected_boxes_in_corner, layout_grid_maze, uniq_kirke,
          uniq_josephine, uniq_psyche, uniq_maurice, uniq_fannar
Temple:   zaba_magenta_temple
Lair:1:   layout_chaotic_city, serial_bayou, serial_bayou_pond_a,
          serial_bayou_ford_a, serial_bayou_crossing, serial_bayou_pond_a,
          serial_bayou_pond_c, serial_bayou_lagoon_a, minmay_lair_oklob_chamber
Lair:2:   layout_loops_ring, grunt_megastairs_4
Lair:3:   layout_loops_ring, elwin_shoals_entry_rocks,
          nicolae_spider_entry_tight_spaces, worms_lemuel, grunt_megastairs_3,
          serial_bayou_shore_b, infiniplex_staircase_pool
Lair:4:   layout_regular_city, infiniplex_staircase_pool_2

Notes
Turn   | Place    | Note
-------+----------+-------------------------------------------
     0 | D:1      | sanka the Naga Air Elementalist began the quest for the
                  | Orb.
     0 | D:1      | Reached XP level 1. HP: 15/15 MP: 3/3
   292 | D:1      | Reached XP level 2. HP: 12/22 MP: 1/5
   436 | D:1      | Learned a level 2 spell: Static Discharge
  1004 | D:1      | Reached skill level 4 in Air Magic
  1203 | D:1      | Reached XP level 3. HP: 28/28 MP: 4/6
  1594 | D:2      | Learned a level 3 spell: Spider Form
  1774 | D:2      | Noticed Terence
  1793 | D:2      | Killed Terence
  1794 | D:2      | Reached skill level 1 in Transmutations
  1794 | D:2      | Reached skill level 1 in Poison Magic
  1794 | D:2      | Reached XP level 4. HP: 36/36 MP: 5/7
  2044 | D:2      | Found a faded altar of an unknown god.
  2510 | D:3      | Noticed Jessica
  2516 | D:3      | Killed Jessica
  2517 | D:3      | Reached skill level 2 in Poison Magic
  2622 | D:3      | Found a runed translucent door.
  2627 | D:3      | Noticed bl3nd3r's ghost (weakling GrFi)
  2883 | D:3      | Reached skill level 2 in Transmutations
  3208 | D:3      | Reached XP level 5. HP: 41/42 MP: 4/8
  3413 | D:3      | Found a shimmering blue altar of Sif Muna.
  3432 | D:3      | Reached skill level 3 in Poison Magic
  3926 | D:4      | Found a white marble altar of Elyvilon.
  3938 | D:4      | Noticed a black bear
  3988 | D:4      | Killed a black bear
  3989 | D:4      | Reached skill level 3 in Transmutations
  3989 | D:4      | Reached skill level 4 in Poison Magic
  3989 | D:4      | Reached XP level 6. HP: 30/49 MP: 6/9
  4249 | D:4      | Reached skill level 4 in Transmutations
  5545 | D:4      | Identified the +9 whip of Analysis {pain, Will+}
  5575 | D:5      | Entered Level 5 of the Dungeon
  5618 | D:5      | Reached skill level 1 in Unarmed Combat
  5618 | D:5      | Reached XP level 7. HP: 49/56 MP: 7/10
  5662 | D:5      | Reached skill level 1 in Fighting
  5662 | D:5      | Reached skill level 2 in Dodging
  5708 | D:5      | Reached skill level 5 in Transmutations
  6062 | D:5      | Reached skill level 2 in Fighting
  6062 | D:5      | Reached skill level 2 in Unarmed Combat
  6797 | D:6      | Found a staircase to the Ecumenical Temple.
  6829 | Temple   | Entered the Ecumenical Temple
  6926 | Temple   | Became a worshipper of Warmaster Okawaru
  6946 | D:6      | Reached XP level 8. HP: 54/68 MP: 8/11
  6958 | D:5      | Reached skill level 3 in Dodging
  7059 | D:6      | Reached skill level 3 in Fighting
  7059 | D:6      | Reached skill level 3 in Unarmed Combat
  7508 | D:6      | Reached skill level 6 in Transmutations
  7697 | D:6      | Reached * piety under Okawaru
  7698 | D:6      | Reached skill level 4 in Fighting
  7698 | D:6      | Reached skill level 4 in Unarmed Combat
  8025 | D:6      | Found a glowing golden altar of the Shining One.
  8129 | D:6      | Found a snail-covered altar of Cheibriados.
  8422 | D:7      | Reached skill level 4 in Dodging
  8422 | D:7      | Reached skill level 1 in Invocations
  8422 | D:7      | Reached XP level 9. HP: 60/78 MP: 6/12
  8636 | D:7      | Noticed a cyan ugly thing
  8933 | D:7      | HP: 6/79 [poisoned by a water moccasin]
  8938 | D:7      | Reached skill level 2 in Invocations
  9458 | D:7      | Noticed Dowan
  9463 | D:7      | Noticed Duvessa
  9476 | D:7      | Killed Duvessa
  9477 | D:7      | Reached skill level 5 in Unarmed Combat
  9478 | D:7      | Killed Dowan
  9479 | D:7      | Reached skill level 5 in Fighting
  9534 | D:7      | Reached skill level 3 in Invocations
  9632 | D:7      | Killed a cyan ugly thing
  9926 | D:7      | Reached ** piety under Okawaru
 10014 | D:7      | Reached skill level 5 in Dodging
 10014 | D:7      | Reached skill level 4 in Invocations
 10075 | D:7      | Noticed Menkaure
 10084 | D:7      | Killed Menkaure
 10394 | D:7      | Reached skill level 6 in Fighting
 10394 | D:7      | Reached skill level 6 in Unarmed Combat
 10695 | D:7      | Reached XP level 10. HP: 78/91 MP: 9/13
 10839 | D:7      | Reached *** piety under Okawaru
 11051 | D:7      | Reached skill level 6 in Dodging
 11606 | D:8      | Noticed Gastronok
 11627 | D:8      | Killed Gastronok
 11628 | D:8      | Reached skill level 7 in Fighting
 11628 | D:8      | Reached skill level 7 in Unarmed Combat
 11656 | D:8      | Noticed Harold
 11681 | D:8      | Noticed a two-headed ogre
 11682 | D:9      | Found a shimmering altar of Xom.
 11682 | D:9      | Found a sparkling altar of Nemelex Xobeh.
 11682 | D:9      | Found a radiant altar of Vehumet.
 11759 | D:9      | Killed a two-headed ogre
 11759 | D:9      | Reached **** piety under Okawaru
 11760 | D:9      | Reached skill level 8 in Fighting
 11760 | D:9      | Reached skill level 8 in Unarmed Combat
 11760 | D:9      | Reached XP level 11. HP: 75/103 MP: 10/14
 11764 | D:9      | Reached skill level 7 in Dodging
 11901 | D:8      | Killed Harold
 12252 | D:8      | Found a staircase to the Lair.
 12630 | D:9      | Found a blossoming altar of Fedhas.
 13122 | D:9      | Found Reishobi's Island Escapes.
 13598 | D:9      | Noticed a two-headed ogre
 13608 | D:9      | Killed a two-headed ogre
 13608 | D:9      | Reached ***** piety under Okawaru
 13609 | D:9      | Reached skill level 9 in Unarmed Combat
 13891 | D:9      | Paralysed by a hornet for 2 turns
 13895 | D:9      | Reached skill level 9 in Fighting
 14264 | D:9      | Identified 3 potions of resistance
 14328 | D:10     | Entered Level 10 of the Dungeon
 14437 | D:10     | Found a staircase to the Orcish Mines.
 14588 | D:10     | Noticed a two-headed ogre
 14603 | D:10     | Killed a two-headed ogre
 14604 | D:10     | Reached skill level 8 in Dodging
 15307 | D:10     | Noticed a two-headed ogre
 15308 | D:10     | Noticed a soul eater
 15309 | D:10     | HP: 2/105 [smoke demon/divine providence[a kobold
                  | demonologist] (10)]
 15884 | D:10     | Noticed a cyclops
 15891 | D:10     | Killed a cyclops
 15897 | D:10     | Reached XP level 12. HP: 110/116 MP: 10/15
 15944 | D:10     | Killed a two-headed ogre
 15945 | D:10     | Reached skill level 10 in Unarmed Combat
 16288 | D:10     | Reached skill level 10 in Fighting
 16544 | D:10     | Identified the +1 ring mail of the Swan {Int+2}
 16810 | D:11     | Noticed a two-headed ogre
 16814 | D:11     | Identified the +0 barding of Bumegy {rElec} (Okawaru gifted
                  | it to you on level 11 of the Dungeon)
 16814 | D:11     | Received a gift from Okawaru
 16822 | D:11     | Killed a two-headed ogre
 16839 | D:11     | Learned a level 5 spell: Blade Hands
 17022 | D:11     | Noticed Erica
 17053 | D:11     | Killed Erica
 17054 | D:11     | Reached skill level 9 in Dodging
 17393 | D:11     | Found Uzumn's General Store.
 18165 | Lair:1   | Entered Level 1 of the Lair of Beasts
 18746 | Lair:1   | Identified the +8 flail of Jinolaco {vorpal, rF+ rC- Dex+5}
 19972 | D:3      | Killed bl3nd3r's ghost
 20191 | D:9      | Bought a scroll of blinking for 120 gold pieces
 20191 | D:9      | Bought a scroll of blinking for 120 gold pieces
 20191 | D:9      | Bought 2 scrolls of fog for 64 gold pieces
 20191 | D:9      | Bought a potion of invisibility for 128 gold pieces
 20191 | D:9      | Bought a scroll of teleportation for 48 gold pieces
 20191 | D:9      | Bought a scroll of teleportation for 48 gold pieces
 20312 | Lair:2   | Reached skill level 11 in Unarmed Combat
 20384 | Lair:2   | Reached skill level 11 in Fighting
 20774 | Lair:2   | Identified the +8 fustibalus of Bread {flame, rC- Will+
                  | Str+2 Int+2} (Okawaru gifted it to you on level 2 of the
                  | Lair of Beasts)
 20774 | Lair:2   | Received a gift from Okawaru
 20917 | Lair:2   | Gained mutation: You can use your snake-like lower body to
                  | constrict enemies. [Naga growth]
 20917 | Lair:2   | Reached XP level 13. HP: 127/127 MP: 12/16
 21029 | Lair:2   | Reached skill level 10 in Dodging
 21792 | Lair:3   | Found a hole to the Spider Nest.
 22366 | Lair:3   | Received a gift from Okawaru
 22375 | Lair:3   | Reached skill level 12 in Unarmed Combat
 22608 | Lair:3   | Reached skill level 12 in Fighting
 22824 | Lair:3   | Found a staircase to the Shoals.
 23408 | Lair:4   | Reached skill level 7 in Transmutations
 23656 | Lair:4   | Received a gift from Okawaru
 23713 | Lair:4   | Reached skill level 8 in Transmutations
 23728 | Lair:4   | HP: 2/129 [komodo dragon (33)]
 23743 | Lair:4   | Slain by a komodo dragon

Vanquished Creatures
  Gastronok (D:8)
  2 hydras (Lair:3)
  A boulder beetle (Lair:3)
  Harold (D:8)
  Erica (D:11)
  5 two-headed ogres
  A cyclops (D:10)
  3 oklob plants
  An ugly thing (D:7)
  6 elephants (Lair:4)
  4 black mambas
  8 cane toads
  2 kobold demonologists (D:10)
  7 komodo dragons
  A rime drake (Lair:3)
  2 trolls
  A meliai (D:10)
  A hornet (D:9)
  A tyrant leech (Lair:3)
  2 jumping spiders (Lair:3)
  7 blink frogs
  4 redbacks (Lair:3)
  A wraith (D:7)
  A shadow (D:10)
  2 wyverns
  31 yaks
  A steam dragon (D:7)
  5 vampire mosquitoes (D:10)
  Menkaure (D:7)
  A basilisk (Lair:1)
  A warg (D:10)
  2 swamp worms (Lair:3)
  Duvessa (D:7)
  9 water moccasins
  5 ice beasts
  4 orc warriors
  2 sky beasts
  5 black bears
  A necrophage (D:6)
  3 centaurs
  4 kobold brigands (D:10)
  2 gnoll sergeants (D:10)
  12 bullfrogs
  A scorpion (D:5)
  A wyvern zombie (D:8)
  Dowan (D:7)
  2 water moccasin skeletons (D:5)
  3 killer bees (D:9)
  4 wights
  The ghost of bl3nd3r the Covered, a weakling GrFi (D:3)
  2 electric eels
  2 howler monkeys (D:6)
  8 centaur zombies
  4 hounds
  2 orc priests (D:9)
  A gnoll shaman (D:7)
  Jessica (D:3)
  3 iguanas
  15 orc wizards
  Terence (D:2)
  A killer bee zombie (D:6)
  A hound skeleton (D:4)
  2 howler monkey zombies (D:9)
  5 adders
  12 gnolls
  A shadow imp (D:7)
  A white imp (D:4)
  A worm (D:3)
  A dart slug (D:1)
  27 orcs
  4 bats
  7 endoplasms
  2 giant cockroaches
  8 goblins
  6 hobgoblins
  2 jackals (D:4)
  10 kobolds
  4 quokkas
  3 ball pythons
  4 frilled lizards
  A quokka skeleton (D:4)
  2 rats (D:2)
313 creatures vanquished.

Vanquished Creatures (others)
  An orc wizard (D:8)
  2 orcs (D:8)
  11 fungi
  24 plants
38 creatures vanquished.

Grand Total: 351 creatures vanquished
